 Dungeon Crawl Stone Soup version 0.21.1-1-g345015fe64 (webtiles) character file.

109 Naru the Chucker (level 4, -8/40 HPs)
             Began as an Ogre Hunter on June 12, 2018.
             Was an Initiate of Hepliaklqana.
             Mangled by Crazy Yiuf
             ... wielding a +2 quarterstaff of chaos
              (10 damage)
             ... on level 2 of the Dungeon.
             The game lasted 00:05:38 (2121 turns).

Naru the Chucker (Ogre Hunter)                      Turns: 2121, Time: 00:05:39

Health: -8/40      AC:  3    Str: 16    XL:     4   Next: 90%
Magic:  4/4        EV: 10    Int: 12    God:    Hepliaklqana [......]
Gold:   60         SH:  0    Dex: 10    Spells: 3/3 levels left

rFire    + . .     SeeInvis .   a - +0 short sword
rCold    + . .     Gourm    .   (no shield)
rNeg     . . .     Faith    .   g - +0 robe {rC+ rF+}
rPois    .         Spirit   .   (helmet restricted)
rElec    .         Reflect  .   (no cloak)
rCorr    .         Harm     .   (gloves unavailable)
MR       .....                  (boots unavailable)
Stlth    +.........             (no amulet)
HPRegen  0.13/turn              (no ring)
MPRegen  0.09/turn              (no ring)

@: slowed, very slow
A: large, unfitting armour, reduced essence, tough skin 1
a: Recall Ancestor, Ancestor Identity, Renounce Religion


You were on level 2 of the Dungeon.
You worshipped Hepliaklqana.
Hepliaklqana was noncommittal.
You were not hungry.

You visited 1 branch of the dungeon, and saw 2 of its levels.

You collected 60 gold pieces.

Inventory:

Hand Weapons
 a - a +0 short sword (weapon)
Missiles
 c - 3 large rocks
 d - 2 throwing nets
 k - 23 stones (quivered)
 n - 19 bolts
Armour
 b - a +0 robe
 g - a +0 robe of resistance (worn)
Wands
 p - a wand of acid (9)
Scrolls
 e - 3 scrolls of identify {unknown}
 j - 2 scrolls of teleportation {unknown}
 l - a scroll of immolation {unknown}
 m - a scroll of blinking {unknown}
 o - a scroll of remove curse {unknown}
Potions
 h - 2 potions of degeneration {unknown}
 i - 2 potions of lignification {unknown}
 q - a potion of flight {unknown}
Comestibles
 f - 2 rations


   Skills:
 * Level 3.3 Fighting
 * Level 5.8 Throwing
 - Level 1.7 Dodging
 + Level 0.8 Stealth


You had 3 spell levels left.
You didn't know any spells.

Dungeon Overview and Level Annotations

Branches:
Dungeon (2/15)

Altars:
Hepliaklqana
Ru

Annotations:
D:2 Crazy Yiuf


Innate Abilities, Weirdness & Mutations

You are too large for most types of armour.
You have tough skin. (AC +1)
Your life essence is reduced to manifest your ancestor. (-10% HP)


Message History

Throwing (i - inventory. (,) - cycle):
k - 25 stones (quivered)
Press: ? - help, Shift-Dir - straight line, f/p - Crazy Yiuf
Aim: Crazy Yiuf, wielding a quarterstaff of chaos and wearing a cloak (moderately wounded)
You throw a stone. The stone completely misses Crazy Yiuf.
Crazy Yiuf hits you with a quarterstaff of chaos.
Crazy Yiuf burns you.
Crazy Yiuf hits you with a quarterstaff of chaos!
* * * LOW HITPOINT WARNING * * *
You feel yourself slow down.
Crazy Yiuf whimpers, "Powder!
Paint down sow."
Crazy Yiuf hits you with a quarterstaff of chaos.
* * * LOW HITPOINT WARNING * * *
Crazy Yiuf barely misses you.
Throwing (i - inventory. (,) - cycle):
k - 24 stones (quivered)
Press: ? - help, Shift-Dir - straight line, f/p - Crazy Yiuf
Aim: Crazy Yiuf, wielding a quarterstaff of chaos and wearing a cloak (moderately wounded)
You throw a stone. The stone completely misses Crazy Yiuf.
Crazy Yiuf says, "Citrus ena pizzabubble!"
Crazy Yiuf hits you with a quarterstaff of chaos!
You die...

#...#####.# ........#.#
..........# ........###
........#### ...........#
........##.######
##..###.....)...### ....#
#.........@.########
##..###........#g.....>..#
.#.............#.........#
.....###########...))....#
##..<.# #......).)#
###############.........#
#..(..)..[(<.......#
♣♣♣♣♣##(.#################
♣.♣..'...#


You could see Crazy Yiuf.

Vanquished Creatures
  Jessica (D:2)
  Robin (D:2)
  2 adders (D:2)
  A leopard gecko (D:1)
  A ball python (D:1)
  4 bats
  A giant cockroach (D:2)
  8 goblins
  2 hobgoblins
  6 kobolds
  A frilled lizard (D:2)
  2 rats
30 creatures vanquished.

Vanquished Creatures (collateral kills)
  An adder (D:2)
  A ball python (D:2)
  A bat (D:2)
  A giant cockroach (D:2)
  4 goblins (D:2)
  A hobgoblin (D:2)
  A kobold (D:2)
10 creatures vanquished.

Vanquished Creatures (others)
  2 ancestors (D:2)
  5 fungi (D:2)
7 creatures vanquished.

Grand Total: 47 creatures vanquished

Notes
Turn   | Place    | Note
-------+----------+-------------------------------------------
     0 | D:1      | Naru the Ogre Hunter began the quest for the Orb.
     0 | D:1      | Reached XP level 1. HP: 22/22 MP: 1/1
   215 | D:1      | Reached XP level 2. HP: 29/29 MP: 2/2
   624 | D:2      | Noticed Robin
   709 | D:2      | Reached XP level 3. HP: 21/36 MP: 3/3
  1043 | D:2      | Noticed Jessica
  1051 | D:2      | Killed Jessica
  1051 | D:2      | Reached skill level 5 in Throwing
  1082 | D:2      | Found a sacrificial altar of Ru.
  1088 | D:2      | Found a hazy altar of Hepliaklqana.
  1112 | D:2      | Became a worshipper of Hepliaklqana the Forgotten
  1128 | D:2      | Reached XP level 4. HP: 40/40 MP: 4/4
  1444 | D:2      | Killed Robin
  1757 | D:2      | Found a runed door.
  2082 | D:2      | Noticed Crazy Yiuf
  2117 | D:2      | HP: 1/40 [Crazy Yiuf/quarterstaff of chaos (4)]
  2121 | D:2      | Mangled by Crazy Yiuf

Skill      XL: |  1  2  3 |
---------------+----------+-----
Fighting       | 3 |  3.3
Throwing       | 5 |  5.8
Dodging        | |  1.7
Stealth        | |  0.8

Action                   |  1- 3 |  4- 6 || total
-------------------------+-------+-------++-------
Melee: Short sword       |    53 |    27 ||    80
Throw: Large rock        |    14 |       ||    14
       Stone             |    15 |    34 ||    49
 Stab: Sleeping          |     1 |       ||     1
  Eat: Ration            |     1 |       ||     1
Armor: Robe              |    25 |    13 ||    38
Dodge: Dodged            |    56 |    33 ||    89
